 Dungeon Crawl Stone Soup version 0.30-a0-591-g3c58d2bc28 (webtiles) character file.

Game seed: 8820812933026707534

3 ethobat the Vexing (level 1, -4/12 HPs)
             Began as a Kobold Hexslinger on Jan 5, 2023.
             Succumbed to their own poison gas
             ... on level 2 of the Dungeon.
             The game lasted 00:05:28 (87 turns).

ethobat the Vexing (Kobold Hexslinger)                Turns: 87, Time: 00:05:28

Health: -4/12      AC:  5    Str:  7    XL:     1   Next: 55%
Magic:  2/2        EV: 14    Int: 14    God:
Gold:   0          SH:  0    Dex: 15    Spells: 1/2 levels left

rFire   . . .      SeeInvis .    a - +1 sling
rCold   . . .      Faith    .    (no shield)
rNeg    . . .      Spirit   .    d - +0 leather armour
rPois   .          Reflect  .    (no helmet)
rElec   .          Harm     .    (no cloak)
rCorr   .          Rampage  .    e - +1 pair of gloves
Will    .....                    (no boots)
Stlth   ++                       (no amulet)
HPRegen 0.22/turn                (no ring)
MPRegen 0.08/turn                (no ring)

@: lethally poisoned (-4 -> -40)
A: small, no large weapons, nightstalker 3
a: no special abilities


You were on level 2 of the Dungeon.
You visited 1 branch of the dungeon, and saw 2 of its levels.

Inventory:

Hand Weapons
 a - a +1 sling (weapon)
 f - a +0 dagger
 g - a +0 short sword
Armour
 c - a +0 robe
 d - a +0 leather armour (worn)
 e - a +1 pair of gloves (worn)


   Skills:
 + Level 1.1 Fighting
 + Level 2.6 Ranged Weapons
 + Level 2.6 Dodging
 + Level 1.2 Spellcasting
 + Level 3.1 Hexes


You had one spell level left.
You knew the following spells:

 Your Spells              Type           Power      Damage    Failure   Level
a - Slow                  Hex            36%        N/A       11%         1

Your spell library contained the following spells:

 Spells                   Type           Power      Damage    Failure   Level
 Inner Flame              Hex/Fire       5%         N/A       52%         3
 Portal Projectile        Hex/Tloc       10%        N/A       52%         3
 Cause Fear               Hex            4%         N/A       73%         4


Dungeon Overview and Level Annotations

Branches:
Dungeon (2/15)

Altars:


Innate Abilities, Weirdness & Mutations

You are small and have problems with some larger weapons.
You are completely attuned to the shadows.


Message History

Aim: a goblin, wielding a +0 dagger (chance to affect: 61%)
The goblin seems to slow down.
The goblin barely misses you.
Fire: a) +1 sling
Press: ? - help, Shift-Dir - straight line, f/p - goblin
Aim: a goblin, wielding a +0 dagger (slow, 50% to hit)
You shoot a sling bullet. The sling bullet hits the goblin.
You kill the goblin!
Found a short sword and a ruby potion.
Things that are here:
a +0 dagger; a goblin corpse
f - a +0 dagger Your magical contamination has completely faded away.
You see here a +0 short sword.
g - a +0 short sword
h - a ruby potion A hobgoblin comes into view.
Fire: a) +1 sling
Press: ? - help, Shift-Dir - straight line, f - hobgoblin
Aim: a hobgoblin (57% to hit)
You shoot a sling bullet.
The sling bullet closely misses the hobgoblin.
You hear an angry hiss.
You hear a shout! x3; You hear an angry hiss.
You hear a shout! x2
A goblin comes into view. It is wielding a +0 club.
A ball python comes into view.
A hobgoblin comes into view.
A goblin comes into view. It is wielding a +0 dagger.
You hear a shout!
The air fills with toxic fumes!
As you read the scroll of poison, it crumbles to dust.
The hobgoblin barely misses you.
Really walk into that cloud of poison gas?
You are engulfed in poison gas.
You are lethally poisoned!
You feel very sick.
It was a potion of magic.
Magic courses through your body.
You are engulfed in poison gas.
You are more poisoned.
Ouch! That really hurt!
You die...

..g. S§g.
.####§§..
...§§....
#g# #@# #§#
#§###.
#####§§.....
.......###..
.####.##....
##....#
...##..#
##..#†.#


You could see a hobgoblin, a goblin and a ball python.

Vanquished Creatures
  A bat (D:2)
  A goblin (D:2)
  2 rats
4 creatures vanquished.

Notes
Turn   | Place    | Note
-------+----------+-------------------------------------------
     0 | D:1      | ethobat the Kobold Hexslinger began the quest for the Orb.
     0 | D:1      | Reached XP level 1. HP: 12/12 MP: 2/2
    87 | D:2      | Succumbed to their own poison gas

Illustrated notes

Levels and vault maps discovered:
D:1:      onia_arrival_handbag, layout_basic, minmay_box_of_dots
D:2:      layout_rooms, uniq_robin, uniq_crazy_yiuf_cottage

Action                   || total
-------------------------++-------
 Fire: Sling             ||     8
 Cast: Slow              ||     2
  Use: Scroll            ||     1
       Potion            ||     1
Dodge: Dodged            ||     7

Table legend: (Time is in decaauts)
 A = Elapsed time spent in this place.
 B = Non-inter-level travel time spent in this place.
 C = Inter-level travel time spent in this place.
 D = Time resting spent in this place.
 E = Time spent auto-exploring this place.
 F = Levels seen in this place.
 G = Mean time per level.
                   A        B        C        D        E       F      G
               +--------+--------+--------+--------+--------+-----+--------+
         Total |     89 |     88 |      1 |      0 |      0 |   2 |   44.5 |
       Dungeon |     89 |     88 |      1 |      0 |      0 |   2 |   44.5 |
               +--------+--------+--------+--------+--------+-----+--------+

Top non-repeatable levels by time:
     D:2: 72 daAuts
     D:1: 16 daAuts
